 Dungeon Crawl Stone Soup version bcrawl-1.37.1 (webtiles) character file.

Game seed: 8451384350264085828

342015 Mehrunes the Ogre Mage (level 12, -12/115 HPs)
             Began as an Ogre Fire Elementalist on Oct 23, 2022.
             Was an Elder of Ashenzari.
             Mangled by a white draconian
             ... wielding a +0 battleaxe of freezing
              (27 damage)
             ... in an ice cave.
             The game lasted 00:45:49 (15816 turns).

Mehrunes the Ogre Mage (Ogre Fire Elementalist)    Turns: 15816, Time: 00:45:50

Health: -12/115    AC:  5    Str: 21    XL:     12   Next: 80%
Magic:  0/26       EV: 13    Int: 19    God:    Ashenzari [****..]
Gold:   654        SH:  0    Dex:  9    Spells: 9/32 levels left

rFire    . . .     GDR:     21% p - staff of conjuration (curse)
rCold    . . .     SeeInvis +   (no shield)
rNeg     . . .     Gourm    .   R - +0 troll leather armour (curse)
rPois    .         Faith    .   (helmet restricted)
rElec    .         Spirit   .   Q - scarf {clouds} (curse)
rCorr    .         Reflect  .   (gloves unavailable)
MR       ++...     Clarity  +   (boots unavailable)
Stlth    ++........             t - amulet of Vision {SInv *Curse} (curse)
HPRegen  0.69/turn              f - ring of protection from magic (curse)
MPRegen  0.20/turn              x - +5 ring of strength

@: no status effects
A: large, unfitting armour, tough skin 1
a: Curse Item, Scrying, Renounce Religion, Evoke Fog


You were in an ice cave.
You worshipped Ashenzari.
Ashenzari was greatly pleased with you.
You were not hungry.

You visited 2 branches of the dungeon, and saw 11 of its levels.
You also visited: Ice Cave.

You collected 775 gold pieces.
You spent 121 gold pieces at shops.

Inventory:

Hand Weapons
 b - a cursed +0 whip
 j - a +1 dagger of pain
 z - a +0 giant spiked club
Missiles
 q - 5 throwing nets (quivered) {=f}
Armour
 a - a +0 robe
 H - a +0 buckler
 P - a +0 cloak
 Q - a cursed scarf of clouds (worn)
 R - a cursed +0 troll leather armour (worn)
Magical Staves
 p - a cursed staff of conjuration (weapon)
Jewellery
 f - a cursed ring of protection from magic (left hand)
 t - the cursed amulet of Vision (around neck) {SInv *Curse}
   (You found it on level 1 of the Dungeon)

   [amulet of nothing]

   It lets you see invisible.
   It curses itself when equipped.
   It has a curse placed upon it.
 w - an uncursed ring of flight
 x - a +5 ring of strength (right hand)
 y - an uncursed amulet of rage
Wands
 c - a wand of flame (38)
 B - a wand of random effects (20)
 D - a wand of acid (8)
 E - a wand of disintegration (31)
 G - a wand of scattershot (6)
 J - a wand of paralysis (10)
 O - a wand of iceblast (24)
Scrolls
 d - 3 scrolls of amnesia
 i - 5 scrolls of identify
 l - 4 scrolls of enchant weapon
 n - 3 scrolls of immolation {unknown}
 r - 9 scrolls of teleportation {unknown}
 s - 2 scrolls of remove curse
 u - 2 scrolls of fog {unknown}
 F - 3 scrolls of fear {unknown}
 I - a scroll of blinking {unknown}
 N - 3 scrolls of enchant armour {unknown}
 S - 3 scrolls of magic mapping {unknown}
 U - a scroll of noise {unknown}
Potions
 g - 2 potions of cancellation {unknown}
 h - 5 potions of flight
 k - 2 potions of resistance
 m - 2 potions of curing
 o - a potion of ambrosia {unknown}
 v - a potion of brilliance {unknown}
 A - a potion of invisibility
 C - 3 potions of degeneration {unknown}
 K - 4 potions of heal wounds {unknown}
 L - a potion of mutation {unknown}
 M - a potion of lignification {unknown}
Miscellaneous
 T - a box of beasts
Comestibles
 e - 20 rations {!d}
 V - a chunk of flesh


   Skills:
 - Level 6.5(9.9) Fighting
 - Level 2.9(6.0) Staves
 + Level 6.9(10.7) Dodging
 - Level 1.5(4.1) Stealth
 - Level 10.7(14.0) Spellcasting
 - Level 9.4(13.0) Conjurations
 - Level 9.3(13.0) Fire Magic
 - Level 7.4(11.2) Earth Magic


You had 9 spell levels left.
You knew the following spells:

 Your Spells              Type           Power        Failure   Level  Hunger
a - Flame Tongue          Conj/Fire      #####        1%          1    None
b - Conjure Flame         Conj/Fire      #######.     1%          3    None
c - Fireball              Conj/Fire      #######...   1%          5    None
d - Stone Arrow           Conj/Erth      ######       1%          3    None
e - Sticky Flame          Conj/Fire      #######.     1%          4    None
f - Lee's Rapid Deconstr  Erth           ######....   1%          5    None
g - Passwall              Tmut/Erth      ####....     1%          2    None

Your spell library contained the following spells:

 Spells                   Type           Power        Failure   Level  Hunger
 Sandblast                Erth           ######       1%          1    None
 Sting                    Conj/Pois      ####         1%          1    None
 Flaming Arrows           Chrm/Fire      #####...     1%          2    None
 Inner Flame              Hex/Fire       N/A          1%          3    None
 Ignite Poison            Fire/Tmut/Pois ####....     2%          3    None
 Petrify                  Tmut/Erth      ####......   5%          4    None
 Poisonous Vapours        Pois/Air       ##....       9%          2    None
 Venom Bolt               Conj/Pois      ######....   11%         5    None
 Olgreb's Toxic Radiance  Pois           ##.......    50%         4    None
 Summon Scorpions         Summ/Pois      ##......     50%         4    None


Dungeon Overview and Level Annotations

Branches:
Dungeon (8/12)             Temple (0/1) D:5            Lair (3/6) D:8
  Swamp: Lair:2-4    Shoals: Lair:2-4     Snake: Lair:2-4    Spider: Lair:2-4
    Orc: D:8-11

Altars:
Ashenzari
Fedhas
Gozag
Makhleb
Nemelex Xobeh
Okawaru
Qazlal
Ru
Wu Jian

Shops:
D:5 *   D:6 *   D:7 [   D:8 *

Annotations:
D:4 Eustachio
Lair:1 2 transporters, Urug


Innate Abilities, Weirdness & Mutations

You are too large for most types of armour.
You have tough skin. (AC +1)


Message History

You feel a surge of power!
The stone arrow misses the white draconian.
The white draconian is engulfed in blazing flames.
The white draconian hits you with a +0 battleaxe of freezing!!
* * * LOW HITPOINT WARNING * * *
The white draconian freezes you.
* * * LOW HITPOINT WARNING * * *
You hit the white draconian but do no damage.
The white draconian is almost dead.
Casting: Stone Arrow (safe; 1% risk of failure)
Confirm with . or Enter, or press ? or * to list all spells.
Aiming: Flame Tongue (safe; 1% risk of failure)
Press: ? - help, Shift-Dir - straight line, f/p - white draconian
Aim: a white draconian, wielding a +0 battleaxe of freezing and wearing a +1 cloak (flame, almost dead, catching its breath)
You feel a surge of power!
The flame tongue hits the white draconian but does no damage.
The white draconian is almost dead.
The white draconian is engulfed in blazing flames.
The white draconian hits you with a +0 battleaxe of freezing!!
You die...

...#.÷######.....†######..§○○≈##
..#÷##÷≈##..##.....####..###.°.##
#.#####÷≈≈######....#...###..÷.☼#
########≈≈≈#≈≈≈###....######...##
#######≈≈≈≈≈≈≈##).#########..###
.#####≈≈≈≈≈≈≈##.#.####..####..#
#..###≈≈≈≈≈≈≈≈≈≈####..##.#..###
###..#≈≈≈≈≈≈≈≈####..#####.###
##...##≈≈≈≈≈≈#.d@÷###########
####..##≈≈≈###.##############
###.####≈≈≈##..##############
#..###≈≈≈≈####..#############
#...##≈≈≈≈≈####...###########
..###≈≈≈≈≈≈#####d...#########
#####≈≈≈≈≈≈######.....#####
###≈≈≈≈≈≈≈≈######......##
##≈≈≈≈≈≈≈### ,*,,.... ,


You could see a white draconian.

Vanquished Creatures
  4 death yaks
  An ice statue (IceCv)
  2 black mambas
  5 elephants (Lair:2)
  3 cane toads
  Joseph (D:7)
  2 komodo dragons
  A troll (D:8)
  13 polar bears (IceCv)
  A hippogriff (D:8)
  31 yaks
  A hungry ghost (D:7)
  A redback (Lair:3)
  Menkaure (D:4)
  3 crocodiles
  4 porcupines
  Duvessa (D:7)
  2 water moccasins
  An orc warrior (D:7)
  2 black bears
  10 ice beasts
  7 ogres
  14 wolves
  6 bullfrogs
  2 kobold brigands
  Dowan (D:7)
  2 centaurs
  3 scorpions
  3 electric eels (Lair:1)
  An orc priest (D:8)
  5 crimson imps
  2 jellies
  5 hounds
  2 iguanas
  Terence (D:2)
  5 orc wizards
  Natasha (twice) (D:3)
  3 worker ants
  3 hound zombies
  4 hound skeletons
  A worker ant zombie (D:8)
  8 adders
  2 shadow imps
  An ooze (D:3)
  4 adder skeletons
  3 worms
  2 dart slugs
  4 leopard geckos
  21 orcs
  4 giant cockroaches
  3 goblins
  7 hobgoblins
  8 jackals
  15 kobolds
  6 quokkas
  A ball python (D:1)
  7 bats
  3 frilled lizards
  A jackal skeleton (D:7)
  A jackal zombie (D:7)
  6 rats
269 creatures vanquished.

Vanquished Creatures (others)
  2 polar bears (IceCv)
  4 yaks (IceCv)
  6 wolves (IceCv)
  3 fungi
  2 plants (Lair:1)
17 creatures vanquished.

Grand Total: 286 creatures vanquished

Notes
Turn   | Place    | Note
-------+----------+-------------------------------------------
     0 | D:1      | Mehrunes the Ogre Fire Elementalist began the quest for the
                  | Orb.
     0 | D:1      | Reached XP level 1. HP: 16/16 MP: 3/3
    35 | D:1      | Reached skill level 1 in Conjurations
   107 | D:1      | Reached XP level 2. HP: 24/24 MP: 0/5
   234 | D:1      | Found a shattered altar of Ashenzari.
   239 | D:1      | Became a worshipper of Ashenzari the Shackled
   240 | D:1      | Found the cursed amulet of Vision {SInv *Curse}
   531 | D:2      | Noticed Terence
   598 | D:1      | Reached XP level 3. HP: 20/31 MP: 0/6
   771 | D:2      | Learned a level 3 spell: Conjure Flame
  1078 | D:2      | Killed Terence
  1079 | D:2      | Reached XP level 4. HP: 30/39 MP: 1/7
  1285 | D:2      | Found a blossoming altar of Fedhas.
  1628 | D:3      | Reached * piety under Ashenzari
  1640 | D:3      | Found an iron altar of Okawaru.
  1640 | D:3      | Noticed an ogre
  1658 | D:3      | Killed an ogre
  1659 | D:3      | Reached skill level 1 in Fighting
  1659 | D:3      | Reached XP level 5. HP: 48/48 MP: 1/9
  1951 | D:3      | Found a sparkling altar of Nemelex Xobeh.
  2038 | D:3      | Noticed Natasha
  2044 | D:3      | Killed Natasha
  2202 | D:3      | Found an ornate altar of the Wu Jian Council.
  2556 | D:4      | Reached skill level 3 in Spellcasting
  2556 | D:4      | Reached XP level 6. HP: 44/57 MP: 5/10
  2591 | D:4      | Learned a level 5 spell: Fireball
  2635 | D:4      | Reached skill level 1 in Staves
  2897 | D:4      | Noticed a phantom
  3030 | D:4      | Noticed Eustachio
  3259 | D:4      | Noticed Menkaure
  3265 | D:4      | Killed Menkaure
  3266 | D:4      | Reached XP level 7. HP: 63/65 MP: 5/11
  3409 | D:3      | Noticed Natasha
  3540 | D:3      | Found an ornate altar of the Wu Jian Council.
  3685 | D:3      | Found an iron altar of Okawaru.
  3949 | D:3      | Found a sparkling altar of Nemelex Xobeh.
  4841 | D:3      | Found an ornate altar of the Wu Jian Council.
  5320 | D:3      | Killed Natasha
  5550 | D:4      | Reached ** piety under Ashenzari
  5658 | D:5      | Entered Level 5 of the Dungeon
  5674 | D:5      | Found Asemaol's General Store.
  5692 | D:5      | Found an opulent altar of Gozag.
  5692 | D:5      | Found a sacrificial altar of Ru.
  5692 | D:5      | Found a shattered altar of Ashenzari.
  5764 | D:5      | Found a staircase to the Ecumenical Temple.
  5788 | D:5      | Reached skill level 5 in Fire Magic
  5788 | D:5      | Reached XP level 8. HP: 72/72 MP: 6/12
  5869 | D:5      | Reached skill level 5 in Conjurations
  6135 | D:5      | Found a burning altar of Makhleb.
  6160 | D:5      | Learned a level 3 spell: Stone Arrow
  6220 | D:5      | Found a stormy altar of Qazlal.
  6530 | D:6      | Reached skill level 4 in Spellcasting
  6831 | D:6      | Found Qogong's General Store.
  6883 | D:6      | Reached skill level 1 in Earth Magic
  6915 | D:6      | Reached *** piety under Ashenzari
  7583 | D:6      | Learned a level 4 spell: Sticky Flame
  7729 | D:7      | Reached XP level 9. HP: 57/79 MP: 2/15
  7851 | D:7      | Noticed Duvessa
  7856 | D:7      | Noticed Dowan
  7862 | D:7      | Killed Duvessa
  7863 | D:7      | Reached skill level 5 in Spellcasting
  7865 | D:7      | Killed Dowan
  7905 | D:7      | Noticed Joseph
  7910 | D:7      | Killed Joseph
  7911 | D:7      | Reached skill level 6 in Spellcasting
  8314 | D:7      | Reached skill level 5 in Dodging
  8440 | D:7      | Found Mofid's Antique Armour Shop.
  8443 | D:7      | Bought a cloak for 121 gold pieces
  8994 | D:8      | Found Dowyarizxu's Demolitions Depot.
  9078 | D:8      | Found a staircase to the Lair.
  9078 | D:8      | Noticed a death yak
  9078 | D:8      | Noticed a death yak
  9078 | D:8      | Noticed a death yak
  9133 | D:8      | Noticed a troll
  9135 | D:8      | Reached XP level 10. HP: 87/87 MP: 9/20
  9267 | D:8      | Found a stormy altar of Qazlal.
  9564 | D:8      | Killed a death yak
 10084 | D:8      | Killed a death yak
 10139 | D:8      | Killed a death yak
 10153 | D:8      | Reached XP level 11. HP: 49/93 MP: 1/21
 10227 | D:8      | Found Dowyarizxu's Demolitions Depot.
 10274 | D:8      | Found a stormy altar of Qazlal.
 10423 | Lair:1   | Entered Level 1 of the Lair of Beasts
 10465 | D:8      | Learned a level 5 spell: Lee's Rapid Deconstruction
 10573 | Lair:1   | Reached **** piety under Ashenzari
 10616 | Lair:1   | Found a transporter.
 10626 | Lair:1   | Learned a level 2 spell: Passwall
 10799 | Lair:1   | Found a transporter.
 10858 | Lair:1   | Noticed Urug
 11979 | Lair:2   | Reached skill level 5 in Earth Magic
 12505 | Lair:2   | Reached ***** piety under Ashenzari
 14016 | Lair:3   | Found a frozen archway.
 14177 | Lair:3   | Reached skill level 5 in Fighting
 14181 | Lair:3   | Reached XP level 12. HP: 111/111 MP: 11/22
 14240 | Lair:3   | Reached skill level 7 in Spellcasting
 14304 | IceCv    | Entered an ice cave
 14307 | IceCv    | Reached skill level 8 in Spellcasting
 14732 | IceCv    | Reached skill level 9 in Spellcasting
 15187 | IceCv    | Reached skill level 10 in Spellcasting
 15520 | IceCv    | Noticed a death yak
 15520 | IceCv    | Noticed a white draconian
 15570 | IceCv    | Killed a death yak
 15816 | IceCv    | Mangled by a white draconian

Skill      XL: |  1  2  3  4  5  6  7  8  9 10 11 12 |
---------------+-------------------------------------+-----
Conjurations   | 1 2 3 4 5 8 9 |  9.4
Fire Magic     | 3 5 8 9 |  9.3
Fighting       | 1 2 5 6 |  6.5
Spellcasting   | 3 4 6 10 | 10.7
Staves         | 2 |  2.9
Dodging        | 2 5 6 |  6.9
Earth Magic    | 4 7 |  7.4
Stealth        | |  1.5

Action                   |  1- 3 |  4- 6 |  7- 9 | 10-12 || total
-------------------------+-------+-------+-------+-------++-------
Melee: Unarmed           |    12 |       |       |       ||    12
       Staff             |     1 |    18 |   192 |     9 ||   220
Throw: Throwing net      |       |       |     1 |       ||     1
 Cast: Flame Tongue      |    69 |    72 |   229 |   251 ||   621
       Conjure Flame     |       |     2 |     1 |    24 ||    27
       Stone Arrow       |       |       |    22 |    86 ||   108
       Fireball          |       |       |     5 |    12 ||    17
       Sticky Flame      |       |       |     1 |    30 ||    31
       Lee's Rapid Decon |       |       |       |    10 ||    10
Invok: Curse Item        |     2 |     1 |     1 |     2 ||     6
       Scrying           |       |       |     1 |     3 ||     4
  Use: Scroll            |       |     4 |       |     2 ||     6
       Potion            |       |       |       |     1 ||     1
 Stab: Held in net/web   |       |       |     1 |       ||     1
  Eat: Chunk             |     1 |    10 |    15 |    30 ||    56
       Ration            |       |       |     3 |       ||     3
Armor: Robe              |     8 |    14 |    50 |       ||    72
       Troll leather arm |       |       |       |    61 ||    61
Dodge: Dodged            |    37 |    17 |   131 |   139 ||   324
